 Dungeon Crawl Stone Soup version 0.16.1-28-gcc2312f (webtiles) character file.

217 Rox360 the Skirmisher (level 5, -4/42 HPs)
             Began as a Demonspawn Abyssal Knight on May 24, 2015.
             Was a Believer of Lugonu.
             Killed by nerve-wracking pain
             ... invoked by an orc priest
              (9 damage)
             ... on level 4 of the Dungeon.
             The game lasted 00:10:50 (3045 turns).

Rox360 the Skirmisher (Demonspawn Abyssal Knight)   Turns: 3045, Time: 00:10:50

Health: -4/42      AC: 12    Str: 14    XL:     5   Next: 61%
Magic:  7/7        EV:  4    Int: 13    God:    Lugonu [**....]
Gold:   134        SH:  0    Dex: 12    Spells: 0 memorised, 4 levels left

rFire  + . .     SeeInvis .     a - +1 falchion
rCold  . . .     Clarity  .     i - +0 plate armour
rNeg   . . .     SustAb   .     (no shield)
rPois  .         Gourm    .     (helmet restricted)
rElec  .         Spirit   .     (no cloak)
rCorr  .         Warding  .     (no gloves)
rMut   .         Stasis   .     (no boots)
MR     .....                    (no amulet)
Stlth  ..........               (no ring)
                                (no ring)

@: not resistant to hostile enchantments, extremely unstealthy
A: antennae 1, molten scales 1, fire resistance 1
a: Depart the Abyss, Bend Space, Renounce Religion


You were on level 4 of the Dungeon.
You worshipped Lugonu.
Lugonu was pleased with you.
You were hungry.

You visited 1 branch of the dungeon, and saw 4 of its levels.
You visited the Abyss 1 time.

You collected 134 gold pieces.

Inventory:

Hand weapons
 a - a +1 falchion (weapon)
Missiles
 c - 17 poisoned needles
 f - 12 bolts of frost
 h - 16 sling bullets of frost
Armour
 b - a +0 leather armour
 i - a +0 plate armour (worn)
Scrolls
 d - 3 scrolls of teleportation {unknown}
 e - 2 scrolls of magic mapping {unknown}
 j - 4 scrolls of remove curse {unknown}
 k - 2 scrolls of identify {unknown}
 p - a scroll of noise {unknown}
Potions
 g - a potion of agility {unknown}
 m - a potion of haste {unknown}
 n - 2 potions of restore abilities {unknown}
 o - a potion of ambrosia {unknown}
Comestibles
 l - 10 fruits
 q - a bread ration


   Skills:
 + Level 4.1 Fighting
 + Level 2.9 Long Blades
 + Level 3.4 Armour
 + Level 1.8 Dodging
 + Level 2.9 Invocations


You had 4 spell levels left.
You didn't know any spells.

Dungeon Overview and Level Annotations

Branches:
Dungeon (4/15)
 Temple: D:4-7

Altars:
Dithmenos


Innate Abilities, Weirdness & Mutations

You have a pair of small antennae on your head.
You are partially covered in molten scales (AC +1).
Your flesh is heat resistant.


Message History

The orc priest hits you but does no damage.
Things that are here:
a dagger; a robe The orc priest mumbles some strange prayers to Beogh against you.
Something smites you!
Things that are here:
a dagger; a robe You slash the orc priest!
The orc priest is moderately wounded.
The orc priest barely misses you.
Your plate armour prevents you from hitting the orc priest.
The orc priest is moderately wounded.
The orc priest mumbles some strange prayers to Beogh against you.
Pain shoots through your body!
* * * LOW HITPOINT WARNING * * *
Your plate armour prevents you from hitting the orc priest.
The orc priest is moderately wounded.
The orc priest calls down the wrath of Beogh upon you.
Pain shoots through your body!
You die...

. ... .. ..
.########.
.........
#....# #.##.o
#@##o# #o##o#
#o##.#
#o##.####...
#>##........#
.
#.##.####.(.#
..#
#...........#
#.#
###...##....##
#.#
#..#.........


You could see an orc priest and 2 orcs.

Vanquished Creatures
  A hound (D:3)
  2 worker ants
  2 orc wizards
  Robin (D:2)
  3 adders
  An ooze (D:1)
  3 orcs
  3 ball pythons
  7 bats
  A giant cockroach (D:1)
  9 goblins
  5 hobgoblins
  A quokka (D:4)
  2 giant newts
  6 jackals
  8 kobolds
  6 rats
61 creatures vanquished.

Notes
Turn   | Place    | Note
--------------------------------------------------------------
     0 | Abyss:1  | Rox360, the Demonspawn Abyssal Knight, began the quest for the Orb.
     0 | Abyss:1  | Reached XP level 1. HP: 18/18 MP: 1/1
    53 | Abyss:1  | Noticed a raiju
    54 | D:1      | Escaped the Abyss
   219 | D:1      | Acquired Lugonu's first power
   586 | D:1      | Gained mutation: You have a pair of small antennae on your head. [demonic ancestry]
   586 | D:1      | Reached XP level 2. HP: 20/24 MP: 2/2
  1042 | D:1      | Reached skill level 1 in Dodging
  1139 | D:3      | Noticed Robin
  1160 | D:2      | Killed Robin
  1160 | D:2      | Gained mutation: You are partially covered in molten scales (AC +1). [demonic ancestry]
  1160 | D:2      | Reached XP level 3. HP: 16/29 MP: 4/4
  1608 | D:2      | Acquired Lugonu's second power
  2062 | D:3      | Reached XP level 4. HP: 34/36 MP: 5/5
  2295 | D:3      | Found a shadowy altar of Dithmenos.
  2556 | D:3      | Gained mutation: Your flesh is heat resistant. [demonic ancestry]
  2556 | D:3      | Reached XP level 5. HP: 18/42 MP: 7/7
  3027 | D:4      | Reached skill level 4 in Fighting
  3045 | D:4      | Killed from afar by an orc priest

Action                   |  1- 3 |  4- 6 || total
-------------------------+-------+-------++-------
Melee: Falchion          |   161 |   133 ||   294
Invok: Depart the Abyss  |     1 |       ||     1
  Eat: Fruit             |     3 |       ||     3
       Bread ration      |       |     1 ||     1
